 Dungeon Crawl Stone Soup version 0.32-a0-576-g706899e69d (webtiles) character file.

Game seed: 6182245438816253728

716 cforsyth the Grave Robber (level 7, -3/63 HPs)
             Began as a Mountain Dwarf Necromancer on Mar 2, 2024.
             Slain by an ogre
             ... wielding a +0 giant spiked club
              (26 damage)
             ... on level 5 of the Dungeon.
             The game lasted 00:07:24 (4861 turns).

cforsyth the Grave Robber (MDNe)                    Turns: 4861, Time: 00:07:25

Health: -3/63      AC: 13    Str: 10    XL:     7   Next: 41%
Magic:  10/18      EV:  1    Int: 18    God:
Gold:   104        SH:  0    Dex: 16    Spells: 8/9 levels left

rFire   . . .        q - +2 short sword (venom)
rCold   . . .        h - orb {light}
rNeg    . . .        w - +0 plate armour
rPois   .            j - +1 helmet
rElec   .            y - +0 cloak
rCorr   .            (no gloves)
SInv    .            (no boots)
Will    .....        c - amulet of the acrobat Stlth
                     M - ring of magical power
HPRegen 0.30/turn    D - +6 ring of dexterity
MPRegen 0.16/turn

%: acrobat
@: glowing
A: runic magic, artefact enchanting
a: no special abilities


You were on level 5 of the Dungeon.
You visited 1 branch of the dungeon, and saw 5 of its levels.

You collected 209 gold pieces.
You spent 105 gold pieces at shops.


Innate Abilities, Weirdness & Mutations

Your spellcasting is much less encumbered by armour.
You can use scrolls of enchantment on lesser artefacts.


   Skills:
 + Level 6.2 Fighting
 - Level 1.3 Dodging
 - Level 1.4 Stealth
 - Level 1.7 Spellcasting
 + Level 7.7 Necromancy


You had 8 spell levels left.
You knew the following spells:

 Your Spells              Type           Power      Damage    Failure   Level
X - Necrotise             Necr           100%       1d9       3%          1

Your spell library contained the following spells:

 Spells                   Type           Power      Damage    Failure   Level
 Vampiric Draining        Necr           29%        2d8       12%         3
 Animate Dead             Necr           29%        N/A       36%         4
 Slow                     Hex            4%         N/A       67%         1
 Curse of Agony           Necr           29%        N/A       71%         5
 Call Canine Familiar     Summ           1%         N/A       95%         3
 Confusing Touch          Hex            1%         N/A       95%         3
 Sigil of Binding         Hex            1%         N/A       95%         3
 Dimensional Bullseye     Hex/Tloc       0%         N/A       100%        4

Inventory:

Hand Weapons
 q - a +2 short sword of venom (weapon)
Missiles
 n - 2 atropa-tipped darts
Armour
 h - an orb of light (worn)
 j - a +1 helmet (worn)
 l - a +0 buckler of cold resistance
 w - a +0 plate armour (worn)
 y - a +0 cloak (worn)
Jewellery
 c - an amulet of the acrobat (around neck)
 k - an amulet of reflection
 D - a +6 ring of dexterity (right hand)
 M - a ring of magical power (left hand)
Wands
 i - a wand of warping (12)
 p - a wand of quicksilver (2)
Scrolls
 d - 3 scrolls of identify {unknown}
 o - 2 scrolls of fear {unknown}
 r - a scroll of blinking
 t - 2 scrolls of teleportation {unknown}
 u - 2 scrolls of noise {unknown}
Potions
 a - a potion of haste {unknown}
 b - 2 potions of magic
 e - a potion of attraction {unknown}
 f - 3 potions of curing {unknown}
 g - a potion of heal wounds {unknown}
 m - 3 potions of degeneration {unknown}
 s - a potion of invisibility {unknown}
 v - a potion of cancellation {unknown}
 x - a potion of enlightenment {unknown}
 z - a potion of might {unknown}

Dungeon Overview and Level Annotations

Branches:
Dungeon (5/15)
 Temple: D:4-7

Altars:
Trog

Shops:
D:3

? #.#...#.##
#.##.##.#
#.##.##.#
###.....#.#
..........#####
#####........#
.. ##.#####.#
###.##.#
#...O@.#
#.#.#### .. ...
... #> #


You could see an ogre.


Message History

You miscast Necrotise.
You are very lightly contaminated with residual magic.
Nothing appears to happen.
The ogre writhes in agony.
The ogre writhes in agony.
The ogre writhes in agony!
The ogre hits you but does no damage.
The ogre writhes in agony!
The ogre barely resists.
The ogre hits you with a +0 giant spiked club!!
The ogre barely resists.
The ogre hits you with a +0 giant spiked club!
* * * LOW HITPOINT WARNING * * *
Your magical contamination has completely faded away.
You are too injured to fight recklessly!
You are too injured to fight recklessly!
You are too injured to fight recklessly!
Casting: Necrotise (safe; 3% risk of failure)
Confirm with . or Enter, or press ? or * to list all spells.
Aiming: Necrotise (safe; 3% risk of failure)
Press: ? - help, Shift-Dir - straight line, f/p - ogre
Aim: an ogre, wielding a +0 giant spiked club (severely wounded, haloed, chance to affect: 83%)
The ogre barely resists.
Casting: Necrotise (safe; 3% risk of failure)
Confirm with . or Enter, or press ? or * to list all spells.
Aiming: Necrotise (safe; 3% risk of failure)
Press: ? - help, Shift-Dir - straight line, f/p - ogre
Aim: an ogre, wielding a +0 giant spiked club (severely wounded, haloed, chance to affect: 83%)
The ogre writhes in agony.
The ogre hits you with a +0 giant spiked club!!
You die...

Skill      XL: |  1  2  3  4  5  6  7 |
---------------+----------------------+-----
Fighting       | 1 2 3 4 5 6 |  6.2
Necromancy     | 5 6 7 |  7.7
Dodging        | |  1.3
Stealth        | |  1.4
Spellcasting   | |  1.7

Action                     |  1- 3 |  4- 6 |  7- 9 || total
---------------------------+-------+-------+-------++-------
  Melee: Unarmed           |     6 |     1 |       ||     7
         Punch             |     1 |       |       ||     1
         Short sword       |       |     2 |       ||     2
   Cast: Necrotise         |    54 |   157 |    33 ||   244
  Evoke: Wand              |       |     2 |       ||     2
 Armour: Robe              |    18 |    13 |       ||    31
         Plate armour      |       |    21 |    11 ||    32
         Chain mail        |       |     3 |       ||     3
  Dodge: Dodged            |    15 |    25 |       ||    40

Levels and vault maps discovered:
D:1:      saegor_arrival_simple_b, layout_rooms,
          hellmonk_ecumenical_altar_arch_garden
D:2:      layout_basic, uniq_natasha, uniq_robin
D:3:      layout_basic, mainiacjoe_overflow_chevrons, serial_shops, shop,
          minmay_stone_trees_small, minivault_26, grunt_decor_junction
D:4:      layout_loops_ring
D:5:      layout_loops_ring

Notes
Turn   | Place    | Note
-------+----------+-------------------------------------------
     0 | D:1      | cforsyth the Mountain Dwarf Necromancer began the quest for
                  | the Orb.
     0 | D:1      | Reached XP level 1. HP: 14/14 MP: 3/3
   272 | D:1      | Reached skill level 1 in Fighting
   274 | D:1      | Reached XP level 2. HP: 23/23 MP: 4/4
   401 | D:1      | Found a faded altar of an unknown god.
  1049 | D:2      | Reached skill level 2 in Fighting
  1049 | D:2      | Reached skill level 5 in Necromancy
  1049 | D:2      | Reached XP level 3. HP: 29/29 MP: 5/5
  1095 | D:2      | Noticed Natasha
  1101 | D:2      | Killed Natasha
  1162 | D:2      | Noticed Robin
  1165 | D:2      | Noticed Natasha
  1278 | D:1      | Killed Natasha
  1279 | D:1      | Reached skill level 3 in Fighting
  1279 | D:1      | Reached XP level 4. HP: 11/38 MP: 6/6
  1536 | D:1      | Found a faded altar of an unknown god.
  1739 | D:1      | Noticed Natasha
  1746 | D:1      | Killed Natasha
  2063 | D:2      | Killed Robin
  2099 | D:2      | Reached XP level 5. HP: 36/45 MP: 2/7
  2560 | D:2      | Reached skill level 6 in Necromancy
  2643 | D:2      | Reached skill level 4 in Fighting
  3305 | D:3      | Found Ruacsyemm's Magic Scroll Shoppe.
  3328 | D:3      | Reached XP level 6. HP: 43/53 MP: 2/8
  3437 | D:3      | Bought a scroll of blinking for 105 gold pieces
  3646 | D:3      | Found a bloodstained altar of Trog.
  4122 | D:4      | Noticed an orc warrior
  4172 | D:4      | Killed an orc warrior
  4173 | D:4      | Reached skill level 5 in Fighting
  4173 | D:4      | Reached skill level 7 in Necromancy
  4216 | D:4      | Reached XP level 7. HP: 56/62 MP: 7/9
  4569 | D:4      | Reached skill level 6 in Fighting
  4800 | D:5      | Entered Level 5 of the Dungeon
  4861 | D:5      | Slain by an ogre

Vanquished Creatures
  2 black bears (D:4)
  An orc warrior (D:4)
  A bombardier beetle (D:5)
  A hound (D:3)
  An orc priest (D:4)
  An iguana (D:4)
  Natasha (thrice) (D:2 D:1)
  An orc wizard (D:3)
  Robin (D:2)
  4 gnolls (D:2)
  5 adders
  A ribbon worm (D:3)
  2 dart slugs
  16 orcs
  3 ball pythons (D:2)
  6 bats
  13 endoplasms
  4 giant cockroaches
  13 goblins
  4 hobgoblins
  9 jackals
  3 quokkas
  5 kobolds
  7 rats
107 creatures vanquished.

Vanquished Creatures (collateral kills)
  A ball python (D:3)
  A goblin (D:2)
  A hobgoblin (D:2)
3 creatures vanquished.

Grand Total: 110 creatures vanquished

Table legend: (Time is in decaauts)
 A = Elapsed time spent in this place.
 B = Non-inter-level travel time spent in this place.
 C = Inter-level travel time spent in this place.
 D = Time resting spent in this place.
 E = Time spent auto-exploring this place.
 F = Levels seen in this place.
 G = Mean time per level.
                   A        B        C        D        E       F      G
               +--------+--------+--------+--------+--------+-----+--------+
         Total |   4863 |   4683 |    180 |    246 |   3628 |   5 |  972.6 |
       Dungeon |   4863 |   4683 |    180 |    246 |   3628 |   5 |  972.6 |
               +--------+--------+--------+--------+--------+-----+--------+

Top non-repeatable levels by time:
     D:1: 1790 daAuts
     D:2: 1056 daAuts
     D:3: 997 daAuts
     D:4: 958 daAuts
     D:5: 60 daAuts

Table legend:
 A = Non-vault XP
 B = Vault XP
 C = Vault XP percentage of total XP
 D = Non-vault monster count
 E = Vault monster count
 F = Vault count percentage of total count
                 A         B        C        D         E       F
            +---------+---------+-------+---------+---------+-------
      Total |     949 |      75 |   7.3 |      96 |      14 |  12.7
            +---------+---------+-------+---------+---------+-------
        D:1 |     107 |       0 |   0.0 |      23 |       0 |   0.0
        D:2 |     132 |      75 |  36.2 |      28 |      14 |  33.3
        D:3 |     137 |       0 |   0.0 |      24 |       0 |   0.0
        D:4 |     531 |       0 |   0.0 |      20 |       0 |   0.0
        D:5 |      42 |       0 |   0.0 |       1 |       0 |   0.0
            +---------+---------+-------+---------+---------+-------
